 Dungeon Crawl Stone Soup version 0.24.0-123-gd5b16e6ec5 (webtiles) character file.

Game seed: 13626830728421635916, levelgen mode: deterministic

239 Lemonice the Charmwright (level 6, -3/50 HPs)
             Began as a Gnoll Skald on Feb 10, 2020.
             Was a Follower of Okawaru.
             Slain by a hippogriff (5 damage)
             ... on level 4 of the Dungeon.
             The game lasted 00:04:50 (2884 turns).

Lemonice the Charmwright (Gnoll Skald)              Turns: 2884, Time: 00:04:51

Health: -3/50      AC:  8    Str: 15    XL:     6   Next: 7%
Magic:  11/13      EV: 17    Int: 15    God:    Okawaru [*.....]
Gold:   160        SH:  0    Dex: 15    Spells: 14/15 levels left

rFire    . . .     SeeInvis .   o - +3 flail
rCold    . . .     Gourm    .   (no shield)
rNeg     . . .     Faith    .   n - +0 ring mail (curse)
rPois    .         Spirit   .   (no helmet)
rElec    .         Reflect  .   (no cloak)
rCorr    .         Harm     .   l - +0 pair of gloves
MR       .....                  (no boots)
Stlth    +++.......             (no amulet)
HPRegen  0.16/turn              (no ring)
MPRegen  0.13/turn              (no ring)

@: heroism
A: distributed training, fangs 1, strong nose
a: Heroism, Renounce Religion


You were on level 4 of the Dungeon.
You worshipped Okawaru.
Okawaru was aware of your devotion.
You were not hungry.

You visited 1 branch of the dungeon, and saw 4 of its levels.

You collected 160 gold pieces.

Inventory:

Hand Weapons
 a - a +0 spear
 o - a +3 flail (weapon)
Armour
 b - a +0 leather armour
 l - a +0 pair of gloves (worn)
 n - a cursed +0 ring mail (worn)
Jewellery
 q - a cursed ring of attention {unknown}
Scrolls
 c - a scroll of enchant weapon {unknown}
 e - 3 scrolls of teleportation {unknown}
 g - 2 scrolls of enchant armour {unknown}
 h - 4 scrolls of identify {unknown}
 j - 3 scrolls of remove curse {unknown}
 k - 3 scrolls of magic mapping {unknown}
Potions
 f - a potion of cancellation {unknown}
 i - 2 potions of mutation {unknown}
 m - a potion of heal wounds {unknown}
 p - a potion of agility {unknown}
 r - 3 potions of curing {unknown}
Comestibles
 d - 6 rations


   Skills:
 + Level 4.9(9.9) Fighting
 + Level 1.7(6.7) Short Blades
 + Level 1.7(6.7) Long Blades
 + Level 1.7(6.7) Axes
 + Level 1.7(6.7) Maces & Flails
 + Level 4.9(9.9) Polearms
 + Level 1.7(6.7) Staves
 + Level 1.7(6.7) Slings
 + Level 1.7(6.7) Bows
 + Level 1.7(6.7) Crossbows
 + Level 1.7(6.7) Throwing
 + Level 3.1(8.1) Armour
 + Level 4.9(9.9) Dodging
 + Level 1.7(6.7) Stealth
 + Level 1.7(6.7) Shields
 + Level 1.7(6.7) Unarmed Combat
 + Level 5.3 Spellcasting
 + Level 1.3 Conjurations
 + Level 1.3 Hexes
 + Level 5.6 Charms
 + Level 1.3 Summonings
 + Level 1.3 Necromancy
 + Level 1.3 Translocations
 + Level 1.3 Transmutations
 + Level 1.3 Fire Magic
 + Level 1.3 Ice Magic
 + Level 1.3 Air Magic
 + Level 1.3 Earth Magic
 + Level 1.3 Poison Magic
 + Level 2.0 Invocations
 + Level 1.7 Evocations


You had 14 spell levels left.
You knew the following spells:

 Your Spells              Type           Power        Failure   Level  Hunger
a - Infusion              Chrm           ###.         2%          1    None

Your spell library contained the following spells:

 Spells                   Type           Power        Failure   Level  Hunger
 Song of Slaying          Chrm           ###.....     4%          2    ##.....
 Shroud of Golubria       Chrm/Tloc      ##....       10%         2    ##.....
 Confusing Touch          Hex            #.....       16%         1    None
 Regeneration             Chrm/Necr      ##........   21%         3    ###....
 Spectral Weapon          Hex/Chrm       ##......     21%         3    ###....
 Confuse                  Hex            #.......     43%         3    ###....
 Gell's Gravitas          Tloc           #.........   43%         3    ###....
 Petrify                  Tmut/Erth      #.......     83%         4    ####...
 Metabolic Englaciation   Hex/Ice        #.........   99%         5    ######.
 Yara's Violent Unravell  Hex/Tmut       #.........   99%         5    ######.


Dungeon Overview and Level Annotations

Branches:
Dungeon (4/15)
 Temple: D:4-7

Altars:
Elyvilon
Hepliaklqana
Kikubaaqudgha
Okawaru
Wu Jian

Annotations:
D:3 2 transporters


Innate Abilities, Weirdness & Mutations

Your experience applies equally to all skills.
You have very sharp teeth.
Your uncanny sense of smell can sniff out nearby items.


Message History

The hippogriff bites you!
* * * LOW HITPOINT WARNING * * *
The hippogriff pecks you.
* * * LOW HITPOINT WARNING * * *
The hippogriff barely misses you.
You hit the hippogriff.
The hippogriff is moderately wounded.
The hippogriff barely misses you. The hippogriff closely misses you.
The hippogriff claws you!
* * * LOW HITPOINT WARNING * * *
You hit the hippogriff.
The hippogriff is moderately wounded.
The hippogriff bites you.
* * * LOW HITPOINT WARNING * * *
The hippogriff closely misses you. The hippogriff barely misses you.
You hit the hippogriff but do no damage.
The hippogriff is moderately wounded.
The hippogriff bites you but does no damage.
The hippogriff pecks you.
You die...

.......<.######
####...#......#
#.....#####.#
##...## ##.## #.#
#### #.# #..
##'###.#
##...##@# ∆
##.....#H# ..
##.......o####..#
#................
+>...............
#.........####...
##.......## ..
##.....## #....##


You could see a hippogriff and an orc.

Vanquished Creatures
  A bullfrog (D:3)
  An orc wizard (D:3)
  A hound (D:4)
  2 adders (D:3)
  3 gnolls (D:3)
  4 leopard geckos
  5 orcs (D:3)
  4 giant cockroaches
  3 hobgoblins
  3 kobolds
  A quokka (D:2)
  3 ball pythons
  9 bats
  2 frilled lizards
  11 goblins
  11 rats
64 creatures vanquished.

Notes
Turn   | Place    | Note
-------+----------+-------------------------------------------
     0 | D:1      | Lemonice the Gnoll Skald began the quest for the Orb.
     0 | D:1      | Reached XP level 1. HP: 20/20 MP: 6/6
    24 | D:1      | Found an iron altar of Okawaru.
    45 | D:1      | Became a worshipper of Warmaster Okawaru
    89 | D:1      | Reached XP level 2. HP: 26/26 MP: 7/7
   921 | D:2      | Reached XP level 3. HP: 30/31 MP: 9/9
   972 | D:2      | Reached skill level 5 in Spellcasting
  1015 | D:2      | Found an ornate altar of the Wu Jian Council.
  1016 | D:2      | Found an ancient bone altar of Kikubaaqudgha.
  1230 | D:3      | Reached skill level 1 in Invocations
  1245 | D:3      | Reached skill level 1 in Short Blades
  1245 | D:3      | Reached skill level 1 in Long Blades
  1245 | D:3      | Reached skill level 1 in Axes
  1245 | D:3      | Reached skill level 1 in Maces & Flails
  1245 | D:3      | Reached skill level 1 in Staves
  1245 | D:3      | Reached skill level 1 in Slings
  1245 | D:3      | Reached skill level 1 in Bows
  1245 | D:3      | Reached skill level 1 in Crossbows
  1245 | D:3      | Reached skill level 1 in Throwing
  1245 | D:3      | Reached skill level 1 in Stealth
  1245 | D:3      | Reached skill level 1 in Shields
  1245 | D:3      | Reached skill level 1 in Unarmed Combat
  1245 | D:3      | Reached skill level 1 in Evocations
  1245 | D:3      | Reached XP level 4. HP: 18/38 MP: 11/11
  1425 | D:3      | Found a transporter.
  1486 | D:3      | Noticed a bullfrog
  1500 | D:3      | Killed a bullfrog
  1500 | D:3      | Reached skill level 1 in Conjurations
  1500 | D:3      | Reached skill level 1 in Hexes
  1500 | D:3      | Reached skill level 1 in Summonings
  1500 | D:3      | Reached skill level 1 in Necromancy
  1500 | D:3      | Reached skill level 1 in Translocations
  1500 | D:3      | Reached skill level 1 in Transmutations
  1500 | D:3      | Reached skill level 1 in Fire Magic
  1500 | D:3      | Reached skill level 1 in Ice Magic
  1500 | D:3      | Reached skill level 1 in Air Magic
  1500 | D:3      | Reached skill level 1 in Earth Magic
  1500 | D:3      | Reached skill level 1 in Poison Magic
  1500 | D:3      | Reached XP level 5. HP: 17/43 MP: 12/12
  1773 | D:3      | Found a white marble altar of Elyvilon.
  1917 | D:3      | Found a hazy altar of Hepliaklqana.
  2013 | D:3      | Found a transporter.
  2024 | D:3      | Reached * piety under Okawaru
  2865 | D:4      | Noticed a hippogriff
  2878 | D:4      | Reached XP level 6. HP: 30/50 MP: 13/13
  2883 | D:4      | HP: 2/50 [hippogriff (4)]
  2884 | D:4      | Slain by a hippogriff

Levels and vault maps discovered:
D:1:      scummos_arrival_star, layout_basic, okawaru_ov_weapons_minmay
D:2:      layout_rooms, chequers_temple_overflow_statue_of_worship
D:3:      gammafunk_wand_slinger, layout_basic, nicolae_overflow_hidden_temple,
          first_ration, elyvilon_altar_3
D:4:      layout_loops_corners, minmay_temple_entry_overgrown,
          minmay_manual_maat, uniq_grinder

Skill      XL: |  1  2  3  4  5 |
---------------+----------------+-----
Spellcasting   | 5 |  5.3
Invocations    | 1 2 |  2.0
Short Blades   | 1 |  1.7
Long Blades    | 1 |  1.7
Axes           | 1 |  1.7
Maces & Flails | 1 |  1.7
Staves         | 1 |  1.7
Slings         | 1 |  1.7
Bows           | 1 |  1.7
Crossbows      | 1 |  1.7
Throwing       | 1 |  1.7
Stealth        | 1 |  1.7
Shields        | 1 |  1.7
Unarmed Combat | 1 |  1.7
Evocations     | 1 |  1.7
Conjurations   | 1 |  1.3
Hexes          | 1 |  1.3
Summonings     | 1 |  1.3
Necromancy     | 1 |  1.3
Translocations | 1 |  1.3
Transmutations | 1 |  1.3
Fire Magic     | 1 |  1.3
Ice Magic      | 1 |  1.3
Air Magic      | 1 |  1.3
Earth Magic    | 1 |  1.3
Poison Magic   | 1 |  1.3
Armour         | 3 |  3.1
Fighting       | |  4.9
Polearms       | |  4.9
Dodging        | |  4.9
Charms         | |  5.6

Action                   |  1- 3 |  4- 6 || total
-------------------------+-------+-------++-------
Melee: Spear             |   135 |     4 ||   139
       Bite              |    13 |     7 ||    20
       Flail             |       |    91 ||    91
Invok: Heroism           |       |     1 ||     1
 Stab: Sleeping          |     5 |     1 ||     6
  Eat: Chunk             |     1 |     5 ||     6
Armor: Leather armour    |    20 |     2 ||    22
       Ring mail         |       |    40 ||    40
Dodge: Dodged            |    78 |   117 ||   195
